AoeStats
← CharlesV

Arabia

508951420Analyzed
1v1 RM · 9d ago on Sep 24, 2026· 56m 24s· 2 players
Game mode
Random Map
Map size
Tiny (2 player)
Population
200
Speed
Normal
Resources
Standard
Victory
Conquest
Starting age
Dark Age
Ending age
Imperial Age
RankedLock teamsTeams togetherTeam positionsShared explorationLock speedFull tech treeHidden civsTurbo modeCheats
Victory
Defeat
🇺🇸 Magyars · United States
1155
+18
🇦🇷 Cumans · Argentina
1190
-18
real_Eli_Manning
6:10 Loom
9:13 Feudal Age
9:50 Double-Bit Axe
20:00 Castle Age
17:47 Horse Collar
19:13 Fletching
19:24 Padded Archer Armor
19:37 Bloodlines
20:51 Bodkin Arrow
21:37 Scale Barding Armor
21:23 Light Cavalry
25:07 Wheelbarrow
27:59 Leather Archer Armor
31:03 Bow Saw
33:16 Chain Barding Armor
34:55 Hand Cart
35:42 Husbandry
39:34 Imperial Age
39:08 Thumb Ring
41:02 Bracer
41:39 Plate Barding Armor
41:33 Town Watch
44:28 Chemistry
43:48 Ballistics
42:55 Hussar
44:40 Two-Man Saw
47:30 Conscription
53:17 Corvinian Army
53:18 Recurve Bow
54:06 Heavy Plow
55:26 Siege Engineers
57:22 Ring Archer Armor
CharlesV
7:01 Loom
10:04 Feudal Age
11:14 Double-Bit Axe
14:47 Horse Collar
14:59 Gold Mining
17:35 Stone Mining
18:23 Wheelbarrow
23:45 Castle Age
22:18 Fletching
22:28 Padded Archer Armor
23:49 Elite Skirmisher
26:47 Bodkin Arrow
33:10 Gold Shaft Mining
32:37 Heavy Plow
34:08 Bow Saw
34:57 Leather Archer Armor
35:54 Ballistics
38:22 Imperial Age
36:51 Thumb Ring
40:07 Chemistry
39:40 Parthian Tactics
39:53 Ring Archer Armor
39:56 Conscription
40:57 Bloodlines
40:28 Capped Ram
41:55 Hand Cart
41:26 Town Watch
41:19 Light Cavalry
41:30 Siege Ram
43:01 Elite Kipchak
45:03 Hussar
45:57 Forging
45:52 Scale Barding Armor
48:28 Iron Casting
48:14 Chain Barding Armor
Connection lost

Rejoining the realm…

Still unreachable

The connection could not be restored.

Session expired

The server has moved on; the page needs a fresh start.